 Dungeon Crawl Stone Soup version 0.23.2-33-g5129a83 (webtiles) character file.

Game seed: 12350591449028554407

6773 Inchmeat the Severer (level 11, 0/82 HPs)
             Began as a Hill Orc Monk on Aug 7, 2019.
             Was an Elder of Makhleb.
             Slain by a troll (9 damage)
             ... on level 9 of the Dungeon.
             The game lasted 00:22:59 (10393 turns).

Inchmeat the Severer (Hill Orc Monk)               Turns: 10393, Time: 00:22:59

Health: 0/82       AC: 16    Str: 18    XL:     11   Next: 4%
Magic:  14/14      EV:  8    Int: 10    God:    Makhleb [****..]
Gold:   406        SH:  0    Dex: 13    Spells: 10/10 levels left

rFire    . . .     SeeInvis +   D - +1 battleaxe
rCold    . . .     Gourm    .   (shield currently unavailable)
rNeg     . . .     Faith    .   p - +1 chain mail {MR+}
rPois    +         Spirit   .   m - +0 helmet
rElec    .         Reflect  .   y - scarf {repulsion}
rCorr    .         Harm     .   G - +2 pair of gloves "Kogo" {Stlth+}
MR       +....                  i - +0 pair of boots
Stlth    ..........             (no amulet)
HPRegen  0.23/turn              x - ring of poison resistance
MPRegen  0.14/turn              r - ring of see invisible

@: repel missiles
A: molten scales 1, poison resistance
a: Minor Destruction, Lesser Servant of Makhleb, Major Destruction, Renounce
Religion


You were on level 9 of the Dungeon.
You worshipped Makhleb.
Makhleb was greatly pleased with you.
You were hungry.

You visited 1 branch of the dungeon, and saw 9 of its levels.

You collected 406 gold pieces.

Inventory:

Hand Weapons
 a - a +1 hand axe
 o - the +2 dagger "Vyvacych" {pierce, rF+ Str+8 Int-2}
   (You found it on level 5 of the Dungeon)

   It inflicts extra damage upon your enemies.
   It affects your strength (+8).
   It affects your intelligence (-2).
   It protects you from fire.
 B - a +1 whip of electrocution
 D - a +1 battleaxe (weapon)
Missiles
 h - 3 throwing nets (quivered)
 q - 6 javelins
Armour
 i - a +0 pair of boots (worn)
 m - a +0 helmet (worn)
 p - a +1 chain mail of magic resistance (worn)
 y - a scarf of repulsion (worn)
 G - the +2 pair of gloves "Kogo" (worn) {Stlth+}
   (You found it on level 7 of the Dungeon)

   It makes you more stealthy.
Jewellery
 n - an uncursed ring of magical power
 r - a ring of see invisible (right hand)
 x - a ring of poison resistance (left hand)
 C - an uncursed ring of flight
Wands
 f - a wand of random effects (13)
 A - a wand of paralysis (3)
 E - a wand of scattershot (5)
Scrolls
 d - a scroll of blinking
 g - 3 scrolls of remove curse {@r2}
 k - 2 scrolls of amnesia
 l - a scroll of fear
 u - 5 scrolls of immolation
 w - a scroll of identify {@r1}
 F - a scroll of magic mapping
Potions
 b - a potion of brilliance
 e - a potion of degeneration {!q}
 j - a potion of flight
 z - a potion of lignification
Comestibles
 c - 8 rations
 s - 2 chunks of flesh


   Skills:
 - Level 3.6 Fighting
 + Level 19.0 Axes
 - Level 2.6(11.3) Maces & Flails
 - Level 2.4 Dodging
 - Level 1.5 Stealth
 - Level 4.9 Invocations


You had 10 spell levels left.
You didn't know any spells.
Your spell library contained the following spells:

 Spells                   Type           Power        Failure   Level  Hunger
 Apportation              Tloc           #.....       99%         1    ##.....
 Summon Butterflies       Summ           #.......     99%         1    ##.....
 Lesser Beckoning         Tloc           #.........   100%        3    ####...
 Tukima's Dance           Hex            #.......     100%        3    ####...
 Alistair's Intoxication  Tmut/Pois      #.......     100%        5    ######.
 Invisibility             Hex            #.......     100%        6    #######


Dungeon Overview and Level Annotations

Branches:
Dungeon (9/15)             Temple (0/1) D:7            Lair (0/6) D:8
    Orc: D:9-12

Altars:
Cheibriados
Dithmenos
Elyvilon
Fedhas
Gozag
Makhleb
Okawaru
Uskayaw
Vehumet
Wu Jian
Xom
Yredelemnul

Shops:
D:4 %

Annotations:
D:3 Menkaure


Innate Abilities, Weirdness & Mutations

You are partially covered in molten scales. (AC +2)
Your system is resistant to poisons. (rPois)


Message History

Ye slash tha troll!
Tha troll be moderately wounded.
Tha troll struggles against tha net.
Tha net rips apart, an' tha troll comes free!
Ye barely miss tha troll.
Tha troll be moderately wounded.
Tha troll bites ye!
Tha troll claws ye but does nay damage. x2
Ye barely miss tha troll.
Tha troll be moderately wounded.
Ye barely miss tha troll.
Tha troll be moderately wounded.
Tha troll bites ye!
* * * LOW HITPOINT WARNIN'
* * * Tha troll claws ye but does nay damage. x2
Ye hit tha troll.
Tha troll be moderately wounded.
Tha troll bites ye!
* * * LOW HITPOINT WARNIN'
* * * Tha troll closely misses ye.
Tha troll claws ye!
Ye die...

#.#######....##..........##...##
#.# #....##g..####...##...#
#.#######†...##...####...##)(.#
#..........†.##.............).##
#.............()............))..
#..........)†...................
#####..>####)...######...##.....
#...# #)..T# #...##.<..# #...#
#...@# #.. #....# #...# #....#
#.. #....# #...# #....# #....#
#...# #....# #....# #...# #....#
#...# #....# #....# ......#
########


You could see a troll and a gnoll.

Vanquished Creatures
  Harold (D:8)
  A two-headed ogre (D:8)
  Pikel (D:6)
  A gargoyle (D:7)
  A troll (D:9)
  Grinder (D:6)
  Sigmund (D:6)
  4 yaks
  A hungry ghost (D:8)
  2 water moccasins (D:9)
  The ghost of Everfinderer the Sneak, an amateur SpEn (D:4)
  2 porcupines (D:8)
  An orc warrior (D:8)
  A sky beast (D:7)
  A black bear (D:8)
  4 ogres
  A big kobold (D:9)
  9 bullfrogs
  2 scorpions
  A killer bee (D:7)
  7 wights
  3 howler monkeys
  2 crimson imps (D:8)
  3 bullfrog zombies
  6 hounds
  2 quasits (D:4)
  A bullfrog skeleton (D:5)
  A gnoll shaman (D:9)
  Crazy Yiuf (D:6)
  2 iguanas
  3 orc wizards
  A centaur skeleton (D:9)
  6 worker ants
  A killer bee zombie (D:6)
  A hound zombie (D:5)
  6 gnolls (D:9)
  5 adders
  An ooze (D:7)
  3 adder skeletons
  An adder zombie (D:6)
  A worm (D:2)
  2 dart slugs
  9 leopard geckos
  18 orcs
  4 ball pythons
  4 bats
  3 giant cockroaches
  3 goblins
  8 hobgoblins
  9 kobolds
  A quokka (D:2)
  4 frilled lizards
  9 rats
168 creatures vanquished.

Vanquished Creatures (others)
  A worm (D:3)
1 creature vanquished.

Grand Total: 169 creatures vanquished

Notes
Turn   | Place    | Note
-------+----------+-------------------------------------------
     0 | D:1      | Inchmeat the Hill Orc Monk began the quest for the Orb.
     0 | D:1      | Reached XP level 1. HP: 19/19 MP: 1/1
   342 | D:1      | Reached XP level 2. HP: 26/26 MP: 2/2
   528 | D:1      | Reached skill level 5 in Axes
  1116 | D:2      | Reached XP level 3. HP: 31/31 MP: 3/3
  1265 | D:2      | Found an ornate altar of the Wu Jian Council.
  1319 | D:2      | Found a blossoming altar of Fedhas.
  1496 | D:2      | Reached skill level 6 in Axes
  1541 | D:2      | Reached XP level 4. HP: 39/39 MP: 4/4
  2023 | D:3      | Found a white marble altar of Elyvilon.
  2025 | D:3      | Found a glowing golden altar of the Shining One.
  2025 | D:3      | Found a shimmering altar of Xom.
  2027 | D:3      | Found a glowing golden altar of the Shining One.
  2027 | D:3      | Found a white marble altar of Elyvilon.
  2027 | D:3      | Found a white marble altar of Elyvilon.
  2279 | D:3      | Found an iron altar of Okawaru.
  2283 | D:3      | Reached skill level 7 in Axes
  2426 | D:4      | Noticed Menkaure
  2431 | D:3      | Gained mutation: Your muscles are strong. (Str +2) [potion
                  | of mutation]
  2431 | D:3      | Lost mutation: Your muscles are strong. (Str +2) [potion of
                  | mutation]
  2431 | D:3      | Gained mutation: You have large cloven feet. [potion of
                  | mutation]
  2432 | D:3      | Lost mutation: You have large cloven feet. [potion of
                  | mutation]
  2432 | D:3      | Gained mutation: You expend magic power (3 MP) to
                  | strengthen your wands. [potion of mutation]
  2432 | D:3      | Gained mutation: You tend to lose your temper in combat.
                  | [potion of mutation]
  2432 | D:3      | Gained mutation: Your mind is acute. (Int +2) [potion of
                  | mutation]
  2433 | D:3      | Lost mutation: You expend magic power (3 MP) to strengthen
                  | your wands. [potion of mutation]
  2433 | D:3      | Lost mutation: You tend to lose your temper in combat.
                  | [potion of mutation]
  2433 | D:3      | Lost mutation: Your mind is acute. (Int +2) [potion of
                  | mutation]
  2433 | D:3      | Gained mutation: You are partially covered in molten
                  | scales. (AC +2) [potion of mutation]
  2433 | D:3      | Gained mutation: Your system is resistant to poisons.
                  | (rPois) [potion of mutation]
  2447 | D:3      | HP: 1/39 [Menkaure (5)]
  2993 | D:4      | Reached XP level 5. HP: 35/45 MP: 5/5
  3209 | D:4      | Reached skill level 8 in Axes
  3550 | D:4      | Reached XP level 6. HP: 38/51 MP: 6/6
  3679 | D:4      | Found a transporter.
  3693 | D:4      | Found a burning altar of Makhleb.
  3709 | D:4      | Became a worshipper of Makhleb the Destroyer
  3709 | D:4      | Reached * piety under Makhleb
  3709 | D:4      | Reached ** piety under Makhleb
  3732 | D:4      | Found an opulent altar of Gozag.
  3805 | D:4      | Found Fepik's Food Emporium.
  3888 | D:4      | Noticed Everfinderer's ghost (amateur SpEn)
  3894 | D:4      | Found a transporter.
  4155 | D:4      | Reached skill level 9 in Axes
  4259 | D:5      | Entered Level 5 of the Dungeon
  4713 | D:5      | Reached skill level 10 in Axes
  4713 | D:5      | Reached XP level 7. HP: 57/57 MP: 7/7
  4726 | D:5      | Found a shadowy altar of Dithmenos.
  4754 | D:5      | Got a bloodstained dagger
  4755 | D:5      | Identified the +2 dagger "Vyvacych" {pierce, rF+ Str+8
                  | Int-2} (You found it on level 5 of the Dungeon)
  4800 | D:5      | Reached skill level 1 in Invocations
  5093 | D:5      | Found a hide-covered altar of Uskayaw.
  5335 | D:6      | Noticed Sigmund
  5360 | D:6      | Killed Sigmund
  5443 | D:6      | Reached XP level 8. HP: 57/64 MP: 11/11
  5649 | D:6      | Reached skill level 11 in Axes
  5696 | D:6      | Noticed Grinder
  5735 | D:6      | Paralysed by Grinder for 5 turns
  5749 | D:6      | Killed Grinder
  5749 | D:6      | Reached skill level 12 in Axes
  6189 | D:6      | Noticed Pikel
  6221 | D:6      | Paralysed by Pikel for 3 turns
  6234 | D:6      | Killed Pikel
  6234 | D:6      | Reached skill level 13 in Axes
  6234 | D:6      | Reached XP level 9. HP: 40/70 MP: 12/12
  6268 | D:6      | Reached skill level 1 in Maces & Flails
  6890 | D:6      | Found a runed translucent door.
  6891 | D:6      | Noticed Crazy Yiuf
  7162 | D:6      | Killed Crazy Yiuf
  7409 | D:7      | Got a pair of encrusted gloves
  7415 | D:7      | Identified the +2 pair of gloves "Kogo" {Stlth+} (You found
                  | it on level 7 of the Dungeon)
  7580 | D:7      | Reached skill level 14 in Axes
  7767 | D:7      | Noticed a gargoyle
  7779 | D:7      | Killed a gargoyle
  7779 | D:7      | Reached skill level 15 in Axes
  7851 | D:7      | Reached *** piety under Makhleb
  7891 | D:7      | Found a staircase to the Ecumenical Temple.
  7907 | D:7      | Found a basalt altar of Yredelemnul.
  7907 | D:7      | Found a radiant altar of Vehumet.
  8754 | D:4      | Killed Everfinderer's ghost
  8892 | D:8      | Reached skill level 16 in Axes
  8892 | D:8      | Reached XP level 10. HP: 38/77 MP: 13/13
  9678 | D:8      | Noticed Harold
  9702 | D:8      | Killed Harold
  9702 | D:8      | Reached skill level 17 in Axes
  9966 | D:8      | Noticed a two-headed ogre
  9978 | D:8      | Killed a two-headed ogre
 10098 | D:8      | Found a snail-covered altar of Cheibriados.
 10129 | D:8      | Found a staircase to the Lair.
 10203 | D:9      | Reached skill level 18 in Axes
 10321 | D:9      | Reached **** piety under Makhleb
 10328 | D:9      | Reached XP level 11. HP: 50/82 MP: 14/14
 10378 | D:9      | Reached skill level 19 in Axes
 10393 | D:9      | Slain by a troll

Skill      XL: |  1  2  3  4  5  6  7  8  9 10 11 |
---------------+----------------------------------+-----
Axes           | 5 6 7 8 10 13 16 18 19 | 19.0
Invocations    | 4 |  4.9
Maces & Flails | 2 |  2.6
Fighting       | |  3.6
Dodging        | |  2.4
Stealth        | |  1.5

Action                   |  1- 3 |  4- 6 |  7- 9 | 10-12 || total
-------------------------+-------+-------+-------+-------++-------
Melee: Hand axe          |    98 |   181 |    78 |       ||   357
       Dagger            |       |       |   115 |       ||   115
       Battleaxe         |       |       |   150 |   165 ||   315
       Whip              |       |       |    39 |       ||    39
Throw: Javelin           |       |     1 |       |       ||     1
       Throwing net      |       |       |       |     5 ||     5
Evoke: Wand              |       |       |       |     1 ||     1
  Use: Scroll            |     3 |     3 |     9 |     3 ||    18
       Potion            |       |     7 |     6 |     2 ||    15
 Stab: Sleeping          |     3 |       |       |       ||     3
  Eat: Chunk             |     2 |     3 |     7 |     2 ||    14
       Ration            |       |     2 |     2 |     2 ||     6
Armor: Robe              |     3 |       |       |       ||     3
       Leather armour    |    12 |       |       |       ||    12
       Ring mail         |     6 |   148 |       |       ||   154
       Scale mail        |       |       |    54 |       ||    54
       Chain mail        |       |       |   148 |   105 ||   253
Dodge: Dodged            |    58 |   190 |   178 |    51 ||   477
       Deflected         |       |       |     2 |     5 ||     7
